 Dungeon Crawl Stone Soup version 0.19.1-1-g22dce08 (webtiles) character file.

67 HessuHobo the Conjurer (level 3, -5/19 HPs)
             Began as a Deep Elf Conjurer on Dec 28, 2016.
             Slain by a gnoll
             ... wielding a +0 whip
              (9 damage)
             ... on level 2 of the Dungeon.
             The game lasted 00:02:36 (1362 turns).

HessuHobo the Conjurer (Deep Elf Conjurer)          Turns: 1362, Time: 00:02:37

Health: -5/19      AC:  2    Str:  6    XL:     3   Next: 98%
Magic:  1/9        EV: 13    Int: 19    God:
Gold:   68         SH:  0    Dex: 15    Spells: 1 memorised, 7 levels left

rFire  . . .     SeeInvis .     n - +0 falchion
rCold  . . .     Gourm    .     a - +0 robe
rNeg   . . .     Faith    .     (no shield)
rPois  .         Spirit   .     (no helmet)
rElec  .         Reflect  .     (no cloak)
rCorr  .         Harm     .     (no gloves)
MR     .....                    (no boots)
Stlth  ++........               (no amulet)
                                (no ring)
                                (no ring)

@: no status effects
A: no striking features
a: no special abilities


You were on level 2 of the Dungeon.
You were not hungry.

You visited 1 branch of the dungeon, and saw 2 of its levels.

You collected 68 gold pieces.

Inventory:

Hand Weapons
 j - a +0 dagger
 n - a +0 falchion (weapon)
Armour
 a - a +0 robe (worn)
Jewellery
 r - an uncursed amulet of faith {unknown}
Scrolls
 g - 3 scrolls of remove curse {unknown}
 i - 3 scrolls of random uselessness {unknown}
 k - a scroll of fog {unknown}
 o - a scroll of amnesia {unknown}
 p - a scroll of identify {unknown}
 q - a scroll of teleportation {unknown}
Potions
 d - a potion of resistance {unknown}
 e - a potion of might {unknown}
 f - a potion of cancellation {unknown}
 h - a potion of curing {unknown}
Books
 b - a book of Conjurations

   Spells                             Type                      Level
   a - Magic Dart                     Conjuration                  1
   b - Searing Ray                    Conjuration                  2
   c - Dazzling Spray                 Conjuration/Hexes            3
   d - Fulminant Prism                Conjuration/Hexes            4
   e - Iskenderun's Mystic Blast      Conjuration                  4
   f - Iskenderun's Battlesphere      Conjuration/Charms           5
Comestibles
 c - 2 bread rations
 l - a meat ration
 m - 6 chunks of flesh


   Skills:
 - Level 2.4 Dodging
 - Level 2.4 Stealth
 - Level 3.0 Spellcasting
 + Level 6.1 Conjurations


You had 7 spell levels left.
You knew the following spells:

 Your Spells              Type           Power        Failure   Level  Hunger
a - Magic Dart            Conj           ####         1%          1    None


Dungeon Overview and Level Annotations

Branches:
Dungeon (2/15)

Altars:
Qazlal


Message History

Aiming: Magic Dart
Press: ? - help, Shift-Dir - straight line, f/p - gnoll
Aim: a gnoll, wielding a whip (heavily wounded)
The magic dart hits the gnoll.
The gnoll is almost dead.
The gnoll closely misses you.
You riposte.
You hit the gnoll.
You kill the gnoll!
Some of the chunks of flesh in your inventory have rotted away.
Casting: Magic Dart
Confirm with . or Enter, or press ? or * to list all spells.
Aiming: Magic Dart
Press: ? - help, Shift-Dir - straight line, f - gnoll
Aim: a gnoll, wielding a whip The magic dart hits the gnoll.
The gnoll hits you with a whip!
You barely miss the gnoll. The gnoll hits you with a whip.
* * * LOW HITPOINT WARNING * * *
You hit the gnoll.
The gnoll is heavily wounded.
The gnoll hits you with a whip!
You die...

#.# #.#.# #.# #.## #.#.#
#.# #..# #.#.# #.# ##.#
#.#.# #)# #.# #.# ##.#.#
##.# #.# #.# #....# #..#
#.# ### #.# #..# #.## #.#
#.# #.# #..#####g# #.#
#.# #.#####.....##@# #.#
#.# #............#.# #[#
#.####
#..#####.##..#.####.##
#..... #..#
#.....).......#####..###
#..#
#..##..#.........)....#
#..#
##.............#####.####
#.<# #..##..######..#
#..... #... ........
....# ###### ##.#
.####..# ###..# #


You could see a gnoll.

Vanquished Creatures
  2 gnolls (D:2)
  An adder (D:2)
  An ooze (D:1)
  2 dart slugs (D:2)
  A leopard gecko (D:1)
  4 bats
  A giant cockroach (D:1)
  2 goblins (D:1)
  6 hobgoblins
  4 jackals (D:2)
  2 kobolds (D:1)
  A frilled lizard (D:2)
  2 rats (D:2)
29 creatures vanquished.

Vanquished Creatures (others)
  A rat (D:2)
1 creature vanquished.

Grand Total: 30 creatures vanquished

Notes
Turn   | Place    | Note
-------+----------+-------------------------------------------
     0 | D:1      | HessuHobo the Deep Elf Conjurer began the quest for the Orb.
     0 | D:1      | Reached XP level 1. HP: 10/10 MP: 6/6
   320 | D:1      | Reached skill level 5 in Conjurations
   320 | D:1      | Reached XP level 2. HP: 15/15 MP: 2/8
   959 | D:2      | Reached XP level 3. HP: 19/19 MP: 0/9
  1097 | D:2      | Found a stormy altar of Qazlal.
  1341 | D:2      | Reached skill level 6 in Conjurations
  1362 | D:2      | Slain by a gnoll

Skill      XL: |  1  2  3 |
---------------+----------+-----
Conjurations   | 5 6 |  6.1
Dodging        | |  2.4
Stealth        | |  2.4
Spellcasting   | |  3.0

Action                   || total
-------------------------++-------
Melee: Dagger            ||     3
       Falchion          ||     2
 Cast: Magic Dart        ||    71
  Eat: Chunk             ||     1
Armor: Robe              ||     1
Dodge: Dodged            ||     3
       Rpst.: Falchion   ||     1
